 Dungeon Crawl Stone Soup version 0.29.1-12-g30fa7ad0bf (webtiles) character file.

Game seed: 7391466313928373146

575 cheesebisquit the Cleaver (level 7, -1/60 HPs)
             Began as a Minotaur Berserker on Dec 13, 2022.
             Was a Believer of Trog.
             Slain by Pikel
             ... wielding a +2 whip of flaming
              (5 damage)
             ... on level 4 of the Dungeon.
             The game lasted 00:12:31 (3270 turns).

cheesebisquit the Cleaver (Minotaur Berserker)      Turns: 3270, Time: 00:12:31

Health: -1/60      AC: 11    Str: 23    XL:     7   Next: 12%
Magic:  6/6        EV:  4    Int:  4    God:    Trog [**....]
Gold:   205        SH:  0    Dex: 10    Spells: 6/6 levels left

rFire   . . .      SeeInvis .   t - +2 hand axe
rCold   . . .      Faith    +   (no shield)
rNeg    . . .      Spirit   .   d - +0 plate armour
rPois   .          Reflect  .   (helmet restricted)
rElec   .          Harm     .   (no cloak)
rCorr   .          Rampage  .   (no gloves)
Will    ++...                   (no boots)
Stlth   ..........              j - amulet of faith
HPRegen 1.20/turn               (no ring)
MPRegen 0.10/turn               (no ring)

@: grasped by roots, strong-willed (expiring), on berserk cooldown, regenerating
(expiring), slowed, constricted, very slow
A: horns 2, retaliatory headbutt
a: Renounce Religion, Berserk, Trog's Hand


You were on level 4 of the Dungeon.
You worshipped Trog.
Trog was pleased with you.
You visited 1 branch of the dungeon, and saw 4 of its levels.

You collected 205 gold pieces.

Inventory:

Hand Weapons
 a - a +2 vorpal hand axe
 t - a +2 hand axe (weapon)
Missiles
 g - 37 stones (quivered)
 k - 6 poisoned darts
Armour
 b - a +0 animal skin
 d - a +0 plate armour (worn)
 l - a +0 ring mail
Jewellery
 j - an amulet of faith (around neck)
 q - an amulet of magic regeneration
Scrolls
 c - a scroll of silence {unknown}
 i - 2 scrolls of identify {unknown}
 m - a scroll of magic mapping {unknown}
 o - a scroll of blinking {unknown}
 r - a scroll of enchant armour {unknown}
Potions
 f - a potion of curing {unknown}
 h - a potion of mutation {unknown}
 n - a potion of brilliance {unknown}
 p - a potion of attraction {unknown}


   Skills:
 - Level 4.4 Fighting
 + Level 8.9 Axes
 - Level 3.4 Armour
 - Level 3.0 Dodging


You had 6 spell levels left.
You didn't know any spells.
Your spell library was empty.

Dungeon Overview and Level Annotations

Branches:
Dungeon (4/15)
 Temple: D:4-7

Altars:

Shops:
D:1 [

Annotations:
D:4 Pikel


Innate Abilities, Weirdness & Mutations

You have a pair of horns on your head.
You reflexively headbutt those who attack you in melee.


Message History

Pikel is moderately wounded.
You slash the lemure! The lemure hits you.
Pikel zaps a wand.
The roots erupt in riotous growth!
The grasping roots grab you!
The lemure is unaffected.
Pikel is unaffected.
The lemure is unaffected.
The grasping roots constrict you!
You hear a bark!
You slash Pikel!
Pikel is heavily wounded.
You hit the lemure but do no damage. You hit the lemure.
The lemure hits you but does no damage. Pikel barely misses you.
The grasping roots constrict you.
The grasping roots release their grip on you.
You barely miss Pikel. You headbutt Pikel, but do no damage.
Pikel is heavily wounded.
You miss the lemure. You closely miss the lemure. x2
You feel the effects of Trog's Hand fading.
The lemure hits you but does no damage.
Pikel zaps a wand.
The roots erupt in riotous growth!
The grasping roots grab you!
The lemure is unaffected. x2; Pikel is unaffected.
The lemure is unaffected.
The grasping roots constrict you!
* * * LOW HITPOINT WARNING * * *
The lemure barely misses you. You furiously retaliate!
You headbutt the lemure, but do no damage.
The lemure barely misses you.
You feel much better.
The lemure hits you but does no damage. x3
Pikel barely misses you. The grasping roots constrict you.
The lemure hits you. x2
The lemure hits you but does no damage.
Pikel hits you with a +2 whip of flaming!
* * * LOW HITPOINT WARNING * * *
Pikel burns you.
* * * LOW HITPOINT WARNING * * *
The grasping roots constrict you.
* * * LOW HITPOINT WARNING * * *
It was a potion of magic.
Magic courses through your body. The lemure hits you!
* * * LOW HITPOINT WARNING * * *
The lemure barely misses you. The lemure hits you but does no damage.
Pikel hits you with a +2 whip of flaming.
You die...

## .# .# .. .##. .. ...
### #.# ##.. .... #..#
##5.# ...# ##..###5K5#
....# ##.......5@#####..
....##....##............
.##....# ##...........
......# #†..........
.....# #.>.........
....# ##†..........
....# #.†).........
....## #............
###..## ##...........#


You could see Pikel and 4 lemures.

Vanquished Creatures
  Menkaure (D:4)
  4 wights (D:4)
  A howler monkey (D:4)
  A hound (D:3)
  Crazy Yiuf (D:2)
  Natasha (D:4)
  7 adders
  2 worms
  4 dart slugs (D:1)
  3 orcs (D:4)
  4 bats
  4 endoplasms
  4 giant cockroaches
  8 goblins
  5 hobgoblins
  5 quokkas
  4 ball pythons
  A frilled lizard (D:3)
  A kobold (D:1)
  4 rats
65 creatures vanquished.

Notes
Turn   | Place    | Note
-------+----------+-------------------------------------------
     0 | D:1      | cheesebisquit the Minotaur Berserker began the quest for
                  | the Orb.
     0 | D:1      | Reached XP level 1. HP: 19/19 MP: 0/0
    92 | D:1      | Found Juxzet's Antique Armour Shop.
   191 | D:1      | Reached XP level 2. HP: 25/27 MP: 1/1
   326 | D:1      | Reached skill level 4 in Axes
   522 | D:1      | Reached XP level 3. HP: 30/33 MP: 2/2
  1092 | D:2      | Reached ** piety under Trog
  1143 | D:2      | Found a runed translucent door.
  1144 | D:2      | Noticed Crazy Yiuf
  1153 | D:2      | Killed Crazy Yiuf
  1154 | D:2      | Reached XP level 4. HP: 34/41 MP: 3/3
  1735 | D:2      | Reached skill level 5 in Axes
  2274 | D:3      | Found a faded altar of an unknown god.
  2466 | D:3      | Reached XP level 5. HP: 37/47 MP: 4/4
  3005 | D:4      | Reached skill level 6 in Axes
  3014 | D:4      | Reached skill level 7 in Axes
  3014 | D:4      | Reached XP level 6. HP: 29/53 MP: 5/5
  3194 | D:4      | Noticed Menkaure
  3203 | D:4      | Killed Menkaure
  3204 | D:4      | Reached skill level 8 in Axes
  3244 | D:4      | Reached XP level 7. HP: 52/60 MP: 6/6
  3244 | D:4      | Noticed Natasha
  3250 | D:4      | Killed Natasha
  3256 | D:4      | Noticed Pikel
  3270 | D:4      | Slain by Pikel

Illustrated notes

Levels and vault maps discovered:
D:1:      dpeg_arrival_connections, layout_loops_ring, serial_shops,
          nicolae_shop_statue_plus
D:2:      layout_basic, uniq_crazy_yiuf_cottage
D:3:      layout_loops_ring, hellmonk_ecumenical_altar_run_dry, st_stairs_6,
          supply_closet_lemuel
D:4:      minmay_bubble_buster, layout_layer_cave, kennysheep_orc_sif_temple,
          grunt_ministairs_1, hangedman_decor_peaks_small, chequers_garden,
          uniq_pikel, uniq_menkaure, uniq_natasha

Skill      XL: |  1  2  3  4  5  6 |
---------------+-------------------+-----
Fighting       | 4 |  4.4
Axes           | 4 5 7 8 |  8.9
Armour         | 3 |  3.4
Dodging        | 3 |  3.0

Action                   |  1- 3 |  4- 6 |  7- 9 || total
-------------------------+-------+-------+-------++-------
Melee: Hand axe          |    64 |   100 |    13 ||   177
       Headbutt          |    11 |     9 |     4 ||    24
       Punch             |       |     1 |       ||     1
Invok: Berserk           |     1 |     3 |     1 ||     5
       Trog's Hand       |       |     3 |     1 ||     4
  Use: Potion            |       |     1 |     2 ||     3
 Stab: Sleeping          |     3 |       |       ||     3
Armor: Animal skin       |     7 |       |       ||     7
       Ring mail         |     1 |    23 |       ||    24
       Plate armour      |       |    17 |    11 ||    28
Dodge: Dodged            |    41 |    44 |    10 ||    95
